 Dungeon Crawl Stone Soup version 0.17-a0-1115-g0372368 (webtiles) character file.

4627 Lokkij the Carver (level 10, -2/56 HPs)
             Began as a Tengu Hunter on May 23, 2015.
             Was a Priest of Yredelemnul.
             Killed from afar by an orc (21 damage)
             ... with a wand of draining
             ... on level 9 of the Dungeon.
             The game lasted 00:29:54 (10838 turns).

Lokkij the Carver (Tengu Hunter)                   Turns: 10838, Time: 00:29:54

Health: -2/56      AC:  5    Str: 15    XL:     10   Next: 42%
Magic:  14/14      EV: 10    Int: 13    God:    Yredelemnul [***...]
Gold:   775        SH:  9    Dex: 17    Spells: 0 memorised, 9 levels left

rFire  . . .     SeeInvis .     a - +2 falchion (elec)
rCold  . . .     Clarity  .     d - +0 leather armour
rNeg   . . .     SustAt   .     J - +2 shield
rPois  +         Gourm    .     (helmet restricted)
rElec  .         Spirit   .     (no cloak)
rCorr  .         Warding  .     K - +1 pair of gloves {Str+3}
rMut   .         Stasis   .     (boots unavailable)
MR     .....                    H - amulet of rage
Stlth  +.........               I - ring of poison resistance
                                m - ring of teleport control

@: heavily drained, not resistant to hostile enchantments, very unstealthy
A: beak, talons 3, able to fly 1
a: Fly, Animate Dead, Recall Undead Slaves, Injury Mirror, Renounce Religion,
Evoke Berserk Rage, Evoke Teleport Control


You were on level 9 of the Dungeon.
You worshipped Yredelemnul.
Yredelemnul was most pleased with you.
You were not hungry.

You visited 2 branches of the dungeon, and saw 10 of its levels.
You also visited: Ossuary.

You collected 887 gold pieces.
You spent 112 gold pieces at shops.

Inventory:

Hand weapons
 a - a +2 falchion of electrocution (weapon)
 b - a +2 hand crossbow
Missiles
 c - 25 bolts
Armour
 d - a +0 leather armour (worn)
 J - a +2 shield (worn)
 K - a +1 pair of gloves of strength (worn)
Jewellery
 j - an uncursed ring of teleportation
 m - a ring of teleport control (left hand)
 H - an amulet of rage (around neck)
 I - a ring of poison resistance (right hand)
Magical devices
 g - a wand of digging (11)
 v - a wand of frost (41)
 C - a wand of digging (6)
Scrolls
 f - a scroll of recharging
 k - 3 scrolls of teleportation
 l - 4 scrolls of identify
 n - 6 scrolls of remove curse
 y - a scroll of fog
 z - a scroll of enchant weapon
 G - 2 scrolls of amnesia
Potions
 e - a potion of cancellation {unknown}
 i - a potion of ambrosia {unknown}
 o - 3 potions of resistance
 q - 3 potions of lignification
 r - a potion of heal wounds
 s - 3 potions of curing
 u - a potion of flight {unknown}
 x - a potion of cure mutation {unknown}
 B - 2 potions of invisibility
 D - 2 potions of might
 E - a potion of berserk rage
Comestibles
 h - a beef jerky
 p - 2 meat rations
 t - 6 fruits
 A - 4 bread rations


   Skills:
 - Level 3.6(2.0) Fighting
 + Level 10.9(8.9) Long Blades
 - Level 10.1(8.2) Crossbows
 + Level 4.1(2.5) Dodging
 - Level 1.0(0.0) Stealth
 - Level 5.0(3.3) Invocations


You had 9 spell levels left.
You didn't know any spells.

Dungeon Overview and Level Annotations

Branches:
Dungeon (9/15)             Temple (1/1) D:7
   Lair: D:8-11         Orc: D:9-12

Altars:
Ashenzari
Cheibriados
Dithmenos
Elyvilon
Fedhas
Gozag
Kikubaaqudgha
Makhleb
Nemelex Xobeh
Okawaru
Qazlal
Ru
Sif Muna
Trog
Vehumet
Xom
Yredelemnul
Zin
The Shining One

Shops:
D:6 =   D:8 *


Innate Abilities, Weirdness & Mutations

You have a beak for a mouth.
You have claws for feet.
You can fly.


Message History

The orc shouts!
The orc throws a tomahawk.
You block the tomahawk.
There is an open door here.
You see here a tomahawk.
The orc throws a tomahawk.
The tomahawk hits you but does no damage.
You see here a tomahawk.
The orc zaps a wand.
The bolt of negative energy hits you!
You feel drained.
It is a wand of draining.
Found a stone staircase leading up.
The crimson imp shouts!
The orc throws a tomahawk.
The tomahawk barely misses you. The crimson imp barely misses you.
The orc zaps a wand.
The bolt of negative energy hits you!
You feel drained. The crimson imp hits you.
You hit the orc. You peck the orc.
The orc is moderately wounded.
The orc zaps a wand.
The bolt of negative energy hits you!
You feel drained.
You die...
Your body rises from the dead as a mindless zombie.

########### #..........#
#..........#############
#..........(.##.........
#.........(#..#.........
#.........(##.'.........
#..........####.........
#..........# ###'######
'.<....@5..# #.###
#.....o....# #...####
######'##### ###....# #.#
####.# #.# #.# #.#
#######+# #.# #........
#######.#########........
...............##........


You could see a crimson imp and an orc.

Vanquished Creatures
  Joseph (D:7)
  Grinder (D:5)
  The ghost of HEYYEYAAE the Shield-Bearer, an average OpFi of Gozag (D:4)
  A deep elf mage (D:9)
  A hippogriff (D:7)
  Menkaure (D:7)
  Edmund (D:5)
  A hungry ghost (D:7)
  An ice beast (D:7)
  A necrophage (D:8)
  A phantom (D:5)
  A black bear (D:9)
  2 ogres
  2 sky beasts
  4 centaurs
  5 giant frogs
  4 scorpions
  A killer bee (D:6)
  10 crimson imps
  3 centaur zombies
  8 orc wizards
  3 hounds
  A jelly (D:6)
  A centaur skeleton (D:8)
  A giant frog skeleton (D:8)
  7 iguanas
  2 orc priests
  Terence (D:3)
  4 worker ants
  3 ogre zombies (Ossuary)
  8 mummies
  9 gnolls
  9 adders
  A shadow imp (D:8)
  A white imp (D:8)
  An ooze (D:4)
  4 adder skeletons
  3 adder zombies
  A worm (D:2)
  4 giant geckos
  27 orcs
  3 ball pythons
  2 bat skeletons (D:6)
  2 gnoll zombies (Ossuary)
  18 hobgoblins
  19 kobolds
  5 quokkas
  16 bats
  11 giant cockroaches
  A giant gecko skeleton (D:5)
  A giant gecko zombie (D:5)
  5 giant newts
  11 goblins
  4 goblin zombies
  6 hobgoblin zombies
  5 kobold zombies (Ossuary)
  4 quokka zombies (Ossuary)
  18 rats
  2 rat zombies (Ossuary)
275 creatures vanquished.

Vanquished Creatures (collateral kills)
  A quokka (D:9)
  A rat (D:7)
2 creatures vanquished.

Vanquished Creatures (others)
  A black bear zombie (D:9)
  A centaur zombie (D:7)
2 creatures vanquished.

Grand Total: 279 creatures vanquished

Notes
Turn   | Place    | Note
--------------------------------------------------------------
     0 | D:1      | Lokkij the Tengu Hunter began the quest for the Orb.
     0 | D:1      | Reached XP level 1. HP: 12/12 MP: 2/2
   409 | D:1      | Reached XP level 2. HP: 17/17 MP: 3/3
   689 | D:1      | Reached skill level 5 in Crossbows
   970 | D:1      | Reached XP level 3. HP: 18/21 MP: 4/4
  1561 | D:2      | Reached XP level 4. HP: 24/27 MP: 5/5
  1965 | D:2      | Reached skill level 6 in Crossbows
  2133 | D:2      | Gained mutation: You can fly. [Tengu growth]
  2133 | D:2      | Reached XP level 5. HP: 29/32 MP: 6/6
  2433 | D:3      | Noticed Terence
  2439 | D:3      | Killed Terence
  2709 | D:3      | Found a blossoming altar of Fedhas.
  2948 | D:3      | Reached XP level 6. HP: 27/37 MP: 7/7
  3253 | D:4      | Reached skill level 7 in Crossbows
  3426 | D:4      | Found a basalt altar of Yredelemnul.
  3431 | D:4      | Became a worshipper of Yredelemnul the Dark
  3508 | D:4      | Found a burning altar of Makhleb.
  3615 | D:4      | Noticed HEYYEYAAE's ghost (average OpFi)
  3639 | D:4      | Killed HEYYEYAAE's ghost
  3639 | D:4      | Reached XP level 7. HP: 23/41 MP: 8/8
  3793 | D:4      | Found a sand-covered staircase.
  3827 | Ossuary  | Entered an ossuary
  4067 | Ossuary  | Reached skill level 8 in Crossbows
  5300 | D:5      | Entered Level 5 of the Dungeon
  5304 | D:5      | Noticed Grinder
  5478 | D:5      | Paralysed by Grinder for 2 turns
  5486 | D:5      | Killed Grinder
  5486 | D:5      | Reached skill level 9 in Crossbows
  5486 | D:5      | Reached XP level 8. HP: 42/47 MP: 9/9
  5720 | D:5      | Noticed Edmund
  5757 | D:5      | Killed Edmund
  5765 | D:5      | Reached skill level 5 in Long Blades
  5985 | D:5      | Reached skill level 10 in Crossbows
  6020 | D:5      | Acquired Yredelemnul's first power
  6085 | D:5      | Found a basalt altar of Yredelemnul.
  6594 | D:6      | Reached skill level 1 in Invocations
  6626 | D:6      | Found a radiant altar of Vehumet.
  6691 | D:6      | Found Buclil's Jewellery Emporium.
  6815 | D:6      | Found an ancient bone altar of Kikubaaqudgha.
  7008 | D:7      | Reached XP level 9. HP: 26/51 MP: 11/11
  7215 | D:7      | Noticed Menkaure
  7229 | D:7      | Killed Menkaure
  7344 | D:7      | Noticed Joseph
  7365 | D:7      | Killed Joseph
  7623 | D:7      | Acquired Yredelemnul's second power
  7854 | D:7      | Found a staircase to the Ecumenical Temple.
  7952 | Temple   | Entered the Ecumenical Temple
  8563 | D:8      | Found Oseten's Assorted Antiques.
  8577 | D:8      | Bought a pair of glowing gloves for 112 gold pieces
  9054 | D:8      | Reached XP level 10. HP: 56/56 MP: 14/14
  9154 | D:8      | Found a shattered altar of Ashenzari.
  9154 | D:8      | Found a glowing silver altar of Zin.
  9201 | D:8      | Reached skill level 10 in Long Blades
  9206 | D:8      | Reached skill level 5 in Invocations
 10521 | D:9      | Acquired Yredelemnul's third power
 10838 | D:9      | Killed from afar by an orc

Vault maps used:
D:1:      lemuel_arrival_room
D:2:      first_bread
D:3:      fedhas_altar_4, uniq_terence
D:4:      bloody_makhleb, kennysheep_mini, nicolae_ossuary_entry_giza
D:5:      basic_altar, uniq_edmund, uniq_grinder
D:6:      vehumet_altar_wand_db, lemuel_round_altar, serial_shops, shop_statue
D:7:      minmay_temple_entry_poolview, uniq_menkaure, uniq_joseph
D:8:      gammafunk_temple_overflow_pools, serial_shops, nicolae_shop_trees,
          minmay_nine_imps
Temple:   chambers_temple_12
Ossuary:  ossuary_boxes_badplayer

Action                   |  1- 3 |  4- 6 |  7- 9 | 10-12 || total
-------------------------+-------+-------+-------+-------++-------
Melee: Short sword       |    15 |       |       |       ||    15
       Spear             |    67 |    91 |       |       ||   158
       Falchion          |       |    57 |   317 |   137 ||   511
 Fire: Hand crossbow     |     4 |    24 |   119 |    11 ||   158
Invok: Animate Remains   |       |       |     1 |     1 ||     2
Evoke: Wand              |       |       |     3 |       ||     3
  Use: Potion            |       |     6 |     7 |     1 ||    14
       Scroll            |       |     3 |    14 |     5 ||    22
 Stab: Sleeping          |     2 |     5 |     8 |     4 ||    19
       Distracted        |       |     2 |       |     1 ||     3
  Eat: Chunk             |     2 |     7 |    11 |     5 ||    25
       Bread ration      |       |       |     1 |       ||     1
       Fruit             |       |       |     1 |       ||     1
       Pizza             |       |       |     1 |       ||     1
       Beef jerky        |       |       |     1 |       ||     1
